 Dungeon Crawl Stone Soup version 0.31-a0-233-g139696dc86 (webtiles) character file.

Game seed: 18295584807502487745

125722 vineage the Bludgeoner (level 16, -5/110 HPs)
             Began as a Gargoyle Fighter on July 9, 2023.
             Was a High Priest of Okawaru.
             Slain by a merfolk
             ... wielding a +0 halberd
             ... led by a merfolk impaler
              (21 damage)
             ... on level 1 of the Shoals.
             The game lasted 00:29:21 (31222 turns).

vineage the Bludgeoner (Gargoyle Fighter)          Turns: 31222, Time: 00:29:22

Health: -5/110     AC: 37    Str: 35    XL:     16   Next: 96%
Magic:  19/19      EV: 14    Int: 11    God:    Okawaru [*****.]
Gold:   2361       SH: 18    Dex: 11    Spells: 15/15 levels left

rFire   + + .        t - +8 eveningstar of Dismay {venom, rElec rPois Stlth+}
rCold   . . .        u - +1 kite shield
rNeg    + + .        Q - +6 chain mail of Life {rN+ Str+2}
rPois   ∞            (no helmet)
rElec   +            w - +0 cloak
rCorr   .            V - +1 pair of gloves of the Playwright {Str+3 Stlth+}
SInv    .            C - +0 pair of boots
Will    +....        R - amulet of reflection
Stlth   +            H - ring of Pantheism {Drain rF++ EV+5}
HPRegen 0.38/turn    B - +6 ring of strength
MPRegen 0.16/turn

%: reflection
@: mighty, flying
A: sickness immunity, AC +12, big wings, negative energy resistance 1,
electricity resistance, torment resistance 1, petrification resistance
a: Renounce Religion, Heroism, Finesse, Duel


You were on level 1 of the Shoals.
You worshipped Okawaru.
Okawaru was extremely pleased with you.
You visited 5 branches of the dungeon, and saw 24 of its levels.

You collected 2617 gold pieces.
You spent 256 gold pieces at shops.

Inventory:

Hand Weapons
 d - a +4 flail of freezing
 t - the +8 eveningstar of Dismay (weapon) {venom, rElec rPois Stlth+}
   (Okawaru gifted it to you on level 1 of the Shoals)

   rElec:     It insulates you from electricity.
   rPois:     It protects you from poison.
   Stlth:     It makes you more stealthy.
Missiles
 E - 3 throwing nets
Armour
 u - a +1 kite shield (worn)
 w - a +0 cloak (worn)
 C - a +0 pair of boots (worn)
 Q - the +6 chain mail of Life (worn) {rN+ Str+2}
   (Okawaru gifted it to you on level 13 of the Dungeon)

   Str:       It affects your strength (+2).
   rN:        It protects you from negative energy.
 V - the +1 pair of gloves of the Playwright (worn) {Str+3 Stlth+}
   (You bought it in a shop on level 12 of the Dungeon)

   Str:       It affects your strength (+3).
   Stlth:     It makes you more stealthy.
Jewellery
 c - a ring of willpower
 g - a ring of protection from fire
 h - a +6 ring of dexterity
 k - a ring of see invisible
 p - an amulet of guardian spirit
 B - a +6 ring of strength (right hand)
 H - the ring of Pantheism (left hand) {Drain rF++ EV+5}
   (You found it on level 2 of the Lair of Beasts)

   [ring of evasion]

   EV:        It affects your evasion (+5).
   rF:        It greatly protects you from fire.
   Drain:     It drains your maximum health when unequipped.
 R - an amulet of reflection (around neck)
 U - a ring of protection from fire
 W - a ring of resist corrosion
Wands
 b - a wand of light (10)
 q - a wand of digging (17)
 G - a wand of mindburst (15)
 O - a wand of iceblast (6)
 S - a wand of polymorph (4)
 X - a wand of flame (7)
Scrolls
 a - 6 scrolls of identify
 e - a scroll of fear
 i - 3 scrolls of noise
 r - 3 scrolls of revelation
 s - 2 scrolls of teleportation
 v - a scroll of poison
 y - 3 scrolls of fog
 z - 5 scrolls of enchant weapon
 D - 2 scrolls of amnesia
 K - 2 scrolls of enchant armour
 T - a scroll of brand weapon
 Y - a scroll of silence
Potions
 f - 3 potions of cancellation
 j - 6 potions of lignification
 l - 2 potions of invisibility {unknown}
 m - 2 potions of attraction {unknown}
 n - 5 potions of enlightenment
 o - 2 potions of heal wounds {unknown}
 x - 8 potions of curing {unknown}
 A - 2 potions of resistance {unknown}
 F - 2 potions of mutation {unknown}
 I - a potion of berserk rage
 J - a potion of ambrosia {unknown}
 L - a potion of might
 N - 5 potions of degeneration {unknown}


   Skills:
 + Level 15.8 Fighting
 * Level 18.6 Maces & Flails
 + Level 14.9 Armour
 + Level 14.9 Shields
 - Level 4.1 Invocations


You had 15 spell levels left.
You didn't know any spells.
Your spell library contained the following spells:

 Spells                   Type           Power      Damage    Failure   Level
 Beastly Appendage        Tmut           0%         N/A       75%         1
 Shock                    Conj/Air       0%         1d3       75%         1
 Blink                    Tloc           0%         N/A       86%         2
 Ensorcelled Hibernation  Hex/Ice        0%         N/A       86%         2
 Scorch                   Fire           0%         2d5       86%         2
 Wereblood                Tmut           0%         N/A       86%         2
 Dazzling Flash           Conj/Hex       0%         N/A       98%         3
 Hailstorm                Conj/Ice       0%         3d3       98%         3
 Ignite Poison            Fire/Tmut/Pois 0%         N/A       98%         3
 Ozocubu's Armour         Ice            0%         N/A       98%         3
 Spider Form              Tmut/Pois      0%         N/A       98%         3
 Volatile Blastmotes      Fire/Tloc      0%         2d10      98%         3
 Anguish                  Hex/Necr       0%         N/A       100%        4
 Flame Wave               Conj/Fire      0%         2d4       100%        4
 Ice Form                 Ice/Tmut       0%         N/A       100%        4
 Iskenderun's Mystic Bla  Conj/Tloc      0%         2d3       100%        4
 Manifold Assault         Tloc           0%         N/A       100%        4
 Fireball                 Conj/Fire      0%         3d3       100%        5
 Freezing Cloud           Conj/Ice/Air   0%         6-21      100%        5
 Iskenderun's Battlesphe  Conj           0%         2d6       100%        5
 Conjure Ball Lightning   Conj/Air       0%         3x3d6     100%        6
 Leda's Unmaking          Conj/Erth      0%         9d1       100%        6
 Starburst                Conj/Fire      0%         6d3       100%        6
 Orb of Destruction       Conj           0%         9d5       100%        7
 Ozocubu's Refrigeration  Ice            0%         4d7       100%        7
 Storm Form               Tmut/Air       0%         N/A       100%        7
 Cigotuvi's Dreadful Rot  Necr/Pois/Air  Unusable   N/A       N/A         2
 Call Canine Familiar     Summ           Unusable   N/A       N/A         3
 Summon Mana Viper        Hex/Summ       Unusable   N/A       N/A         5
 Simulacrum               Ice/Necr       Unusable   N/A       N/A         6
 Summon Cactus Giant      Summ           Unusable   N/A       N/A         6
 Spellforged Servitor     Conj/Summ      Unusable   N/A       N/A         7

Dungeon Overview and Level Annotations

Branches:
Dungeon (15/15)            Temple (1/1) D:5            Lair (5/5) D:8
 Shoals (1/4) Lair:3        Snake (0/4) Lair:3        Slime (0/5) Lair:5
    Orc (2/2) D:11            Elf (0/3) Orc:2        Vaults (0/5) D:13
 Depths (0/4) D:15

Altars:
Ashenzari
Cheibriados
Dithmenos
Elyvilon
Fedhas
Gozag
Hepliaklqana
Kikubaaqudgha
Makhleb
Nemelex Xobeh
Okawaru
Qazlal
Ru
Sif Muna
Trog
Uskayaw
Vehumet
Wu Jian
Xom
Yredelemnul
Zin
The Shining One
Jiyva

Shops:
D:2 *   D:12 [   D:13 (   D:14 =   Orc:2 (:([

Portals:
Trove: D:15 (give 12 potions of heal wounds)

Annotations:
D:3 1 runed translucent door, Takeo's ghost, amateur DjFE
D:13 3 runed translucent doors, Papox's ghost, journeyman DsEE


Innate Abilities, Weirdness & Mutations

You are immune to sickness and miasma.
Your stone body is resilient. (AC +12)
You are immune to poison.
Your large and strong wings let you fly.
You resist negative energy. (rN+)
You are resistant to electric shocks. (rElec)
You are resistant to unholy torment.
You are immune to petrification.


Message History

The boomerang hits you but does no damage.
You barely miss the merfolk.
The merfolk is moderately wounded.
The merfolk is no longer berserk.
The merfolk hits you but does no damage.
You block the merfolk's attack.
You barely miss the merfolk.
The merfolk is moderately wounded.
The merfolk throws a boomerang.
You block the boomerang with an invisible shield... and reflect it back!
The boomerang hits the merfolk!
The merfolk hits you with a +0 trident!
* * * LOW HITPOINT WARNING * * *
You closely miss the merfolk.
The merfolk is moderately wounded.
You block the merfolk's attack. x2
Okay, then.
You feel very mighty all of a sudden.
The merfolk hits you but does no damage.
You block the merfolk's attack.
Blink to where?
Press: ? - help, Dir - move target
As you read the scroll of blinking, it crumbles to dust.
The merfolk throws a boomerang.
You block the boomerang with an invisible shield... and reflect it back!
The boomerang closely misses the merfolk.
The merfolk throws a boomerang.
You block the boomerang with an invisible shield... and reflect it back!
The boomerang hits the merfolk!!
The merfolk throws a boomerang.
The boomerang misses you.
The merfolk looks more healthy.
You block the merfolk's attack.
You feel like a meek peon again.
The merfolk throws a boomerang.
You block the boomerang with an invisible shield... and reflect it back!
The boomerang closely misses the merfolk.
The merfolk drinks a potion.
The merfolk goes berserk!
The merfolk rages.
You block the merfolk's attack.
The merfolk hits you from afar with a +0 halberd!!
You die...

~~.#.....^........~~~~≈≈≈≈≈≈≈≈≈≈≈
~~~~~~.......#......~~~~~~≈≈≈≈≈≈≈
~~~~~~~~.....##....~~~~~~~~≈≈≈≈≈≈
~~~~.....######....~~~~~~~~≈≈≈≈≈≈
~~~~......####.....~~~~~.~~≈≈≈≈≈≈
~~~.##.............~~~~~~~~≈≈≈≈≈≈
~~~..##.........mm.~~~~~~~≈≈≈≈≈≈≈
~~~.......##.......~~~~~~≈≈≈≈≈≈≈≈
~~~...~~~.###.~.@#..~~~~≈≈≈≈≈≈≈≈≈
#~~~~~~~..###.~....~~.~~≈≈≈≈≈≈≈≈≈
≈~~~......##..........~~~≈≈≈≈≈≈≈≈
#~~.....####........~~~~~~≈≈≈≈≈≈≈
#~.^....# #÷.#....~~~~~~≈≈≈≈≈≈≈≈
~.......# ##.......~~~~~≈≈≈≈≈≈≈≈≈
.......)###).......>~~~~≈≈≈≈≈≈≈≈≈
#.......#.).....##..~~~~~≈≈≈≈≈≈≈≈
#..........#.#####.....~~≈≈≈≈≈≈≈≈


You could see 2 merfolk.

Vanquished Creatures
  Jorgrun (D:13)
  A kraken (Shoals:1)
  Frances (D:13)
  Kirke (Lair:5)
  Aizul (Shoals:1)
  An orc warlord (Orc:2)
  A dire elephant (Lair:2)
  The ghost of NigelTetley the Fencer, a journeyman FoFi of Zin (D:14)
  2 ettins
  2 eidola (D:14)
  Snorg (Lair:5)
  2 merfolk impalers (Shoals:1)
  Erolcha (D:13)
  An ogre mage (D:15)
  An ice dragon (D:13)
  3 hydras
  5 catoblepae
  A boulder beetle (D:15)
  11 two-headed ogres
  A death knight (D:14)
  13 death yaks
  3 centaur warriors
  3 orc high priests
  2 tengu warriors
  Sonja (Orc:2)
  A flayed ghost (D:14)
  3 skysharks (Shoals:1)
  A shadow wraith (D:14)
  3 skeletal warriors (D:15)
  A fire crab (Lair:5)
  3 sea snakes (Shoals:1)
  2 deep trolls
  2 phantasmal warriors
  6 orc knights
  10 harpies (Shoals:1)
  A wizard (D:14)
  10 ugly things
  2 deep elf pyromancers
  Pikel (D:7)
  A lindwurm (Lair:2)
  4 orc sorcerers
  A cyclops (D:14)
  2 fauns (Shoals:1)
  11 manticores
  8 elephants
  2 merfolk sirens (Shoals:1)
  3 gargoyles
  3 torpor snails
  5 black mambas
  13 cane toads
  An unseen horror (D:12)
  5 kobold demonologists
  11 komodo dragons
  Psyche (D:10)
  5 rime drakes
  An efreet (D:14)
  A yaktaur (shapeshifter) (D:14)
  Maggie (D:8)
  3 tengu conjurers
  A freezing wraith (D:14)
  10 trolls
  A troll (shapeshifter) (D:13)
  4 polar bears
  3 merfolk (Shoals:1)
  3 snapping turtles (Shoals:1)
  11 blink frogs
  13 dream sheep (Lair:5)
  22 slime creatures
  A jumping spider (shapeshifter) (D:12)
  A centaur simulacrum (D:14)
  A vampire (D:11)
  2 wraiths
  A shadow (D:11)
  A water elemental (Shoals:1)
  5 wyverns
  58 yaks
  A yak (shapeshifter) (D:13)
  4 humans
  5 basilisks
  23 vampire mosquitoes
  6 wargs
  4 steam dragons
  2 nagas (Lair:3)
  2 acid dragons
  17 water moccasins
  Duvessa (D:7)
  41 orc warriors
  2 black bears
  2 ice beasts
  10 ogres
  8 wolves
  9 centaurs
  A lemure (D:7)
  2 phantoms (D:5)
  A kobold brigand (D:9)
  12 bullfrogs
  2 scorpions (D:8)
  8 wights (D:7)
  Dowan (D:7)
  7 killer bees (D:10)
  5 electric eels
  7 howler monkeys
  21 orc priests
  7 hounds
  3 gnoll boudas
  2 jellies
  Crazy Yiuf (D:6)
  5 iguanas
  A sleepcap (D:4)
  Ijyb (D:4)
  31 orc wizards
  A hound zombie (D:3)
  12 gnolls
  11 adders
  6 river rats (D:5)
  A white imp (D:6)
  2 worms
  4 dart slugs
  103 orcs
  5 ball pythons
  6 endoplasms
  3 giant cockroaches
  8 goblins
  6 hobgoblins
  6 quokkas
  4 bats
  4 frilled lizards
  20 kobolds
  A quokka zombie (D:3)
  21 rats
  A butterfly (Lair:5)
807 creatures vanquished.

Vanquished Creatures (others)
  An adder (D:6)
  9 tentacles (Shoals:1)
10 creatures vanquished.

Grand Total: 817 creatures vanquished

Notes
Turn   | Place    | Note
-------+----------+-------------------------------------------
     0 | D:1      | vineage the Gargoyle Fighter began the quest for the Orb.
     0 | D:1      | Reached XP level 1. HP: 14/14 MP: 1/1
   177 | D:1      | Reached XP level 2. HP: 20/20 MP: 2/2
   351 | D:1      | Found a faded altar of an unknown god.
   555 | D:1      | Reached XP level 3. HP: 24/24 MP: 3/3
  1020 | D:2      | Reached skill level 5 in Fighting
  1110 | D:2      | Reached XP level 4. HP: 14/31 MP: 4/4
  1296 | D:2      | Found Umywyveo's General Store.
  1857 | D:3      | Found a shimmering altar of Xom.
  1937 | D:3      | Found a runed translucent door.
  1939 | D:3      | Noticed Takeo's ghost (amateur DjFE)
  1951 | D:3      | Reached XP level 5. HP: 36/36 MP: 5/5
  2187 | D:3      | Found a basalt altar of Yredelemnul.
  2463 | D:4      | Noticed Ijyb
  2481 | D:4      | Killed Ijyb
  2630 | D:4      | Reached XP level 6. HP: 42/42 MP: 6/6
  2756 | D:4      | Found a snail-covered altar of Cheibriados.
  2950 | D:4      | Reached skill level 3 in Maces & Flails
  2976 | D:4      | Noticed a black bear
  2988 | D:4      | Killed a black bear
  3134 | D:4      | Noticed an orc warrior
  3153 | D:4      | Killed an orc warrior
  3154 | D:4      | Reached XP level 7. HP: 35/47 MP: 7/7
  3203 | D:4      | Found a hazy altar of Hepliaklqana.
  3204 | D:4      | Found a faded altar of an unknown god.
  3574 | D:5      | Entered Level 5 of the Dungeon
  3636 | D:5      | Reached skill level 4 in Maces & Flails
  4001 | D:5      | Found a staircase to the Ecumenical Temple.
  4048 | Temple   | Entered the Ecumenical Temple
  4217 | Temple   | Became a worshipper of Warmaster Okawaru
  4387 | D:5      | Reached XP level 8. HP: 53/53 MP: 8/8
  4427 | D:5      | Reached skill level 5 in Maces & Flails
  4433 | D:5      | Reached * piety under Okawaru
  4434 | D:5      | Reached skill level 5 in Armour
  4434 | D:5      | Reached skill level 5 in Shields
  5120 | D:6      | Found an ancient bone altar of Kikubaaqudgha.
  5128 | D:6      | Reached skill level 6 in Maces & Flails
  5698 | D:6      | Found a runed translucent door.
  5699 | D:6      | Noticed Crazy Yiuf
  5929 | D:6      | Killed Crazy Yiuf
  5993 | D:7      | Noticed a wyvern
  6009 | D:7      | Reached XP level 9. HP: 32/59 MP: 6/9
  6014 | D:7      | Reached ** piety under Okawaru
  6132 | D:7      | HP: 2/59 [wight/+3 great sword (11)]
  6435 | D:7      | Reached skill level 1 in Invocations
  6439 | D:7      | Reached skill level 7 in Maces & Flails
  6867 | D:7      | Noticed Pikel
  6883 | D:7      | Killed Pikel
  7283 | D:7      | Noticed Duvessa
  7284 | D:7      | Noticed Dowan
  7294 | D:7      | Killed Duvessa
  7294 | D:7      | Reached *** piety under Okawaru
  7298 | D:7      | Killed Dowan
  7564 | D:8      | Noticed a komodo dragon
  7574 | D:8      | Killed a komodo dragon
  7575 | D:8      | Reached skill level 8 in Maces & Flails
  7575 | D:8      | Reached XP level 10. HP: 12/65 MP: 11/13
  7805 | D:8      | Noticed Maggie
  7815 | D:8      | Killed Maggie
  8377 | D:8      | Found a staircase to the Lair.
  8463 | D:9      | Reached skill level 9 in Maces & Flails
  8512 | D:9      | Noticed a two-headed ogre
  8535 | D:9      | Killed a two-headed ogre
  8535 | D:9      | Reached **** piety under Okawaru
  8980 | D:9      | Noticed a two-headed ogre
  8992 | D:9      | Killed a two-headed ogre
  9521 | Lair:1   | Entered Level 1 of the Lair of Beasts
  9542 | Lair:1   | Reached XP level 11. HP: 72/72 MP: 14/14
  9608 | Lair:1   | Reached skill level 10 in Maces & Flails
  9610 | Lair:1   | Reached skill level 10 in Fighting
  9621 | Lair:1   | Reached ***** piety under Okawaru
 10250 | Lair:1   | Received a gift from Okawaru
 10250 | Lair:1   | Found the +3 greatsling "Punk" {acid, rCorr}
 10765 | Lair:2   | Noticed a catoblepas
 10790 | Lair:1   | Killed a catoblepas
 11204 | Lair:2   | Reached skill level 11 in Maces & Flails
 11348 | Lair:2   | Noticed a six-headed hydra
 11361 | Lair:2   | Killed a six-headed hydra
 11700 | Lair:2   | Identified the +4 trident "Ilotim" {freeze, rC+} (Okawaru
                  | gifted it to you on level 2 of the Lair of Beasts)
 11700 | Lair:2   | Received a gift from Okawaru
 11889 | Lair:2   | Noticed a death yak
 11902 | Lair:2   | Killed a death yak
 11903 | Lair:2   | Reached XP level 12. HP: 55/79 MP: 13/15
 11994 | Lair:2   | Noticed a dire elephant
 12014 | Lair:2   | Found a runed translucent door.
 12601 | Lair:2   | Killed a dire elephant
 12749 | Lair:2   | Reached skill level 12 in Maces & Flails
 12999 | Lair:2   | Identified the ring of Pantheism {Drain rF++ EV+5}
 13325 | Lair:3   | Reached skill level 10 in Armour
 13328 | Lair:3   | Reached skill level 10 in Shields
 13337 | Lair:3   | Identified the +0 mace "Xaqais" {drain, Fragile rElec rPois
                  | rC+++} (Okawaru gifted it to you on level 3 of the Lair of
                  | Beasts)
 13337 | Lair:3   | Received a gift from Okawaru
 13426 | Lair:3   | Found a staircase to the Snake Pit.
 13524 | Lair:3   | Found a staircase to the Shoals.
 13731 | Lair:3   | Noticed a six-headed hydra
 13737 | Lair:3   | Killed a six-headed hydra
 13904 | Lair:3   | Reached skill level 13 in Maces & Flails
 14077 | Lair:3   | Reached XP level 13. HP: 64/85 MP: 16/16
 14081 | Lair:3   | Received a gift from Okawaru
 14494 | Lair:4   | You fall into a shaft and drop 1 floor!
 14494 | Lair:5   | Entered Level 5 of the Lair of Beasts
 15684 | Lair:5   | Identified the +0 leather armour of the Eternal Void {rPois
                  | Stlth+}
 15772 | Lair:5   | Reached ****** piety under Okawaru
 15856 | Lair:5   | Reached skill level 14 in Maces & Flails
 15890 | Lair:5   | Identified the +3 flail "Peticuyd" {pain, rN+ Int+6}
                  | (Okawaru gifted it to you on level 5 of the Lair of Beasts)
 15890 | Lair:5   | Received a gift from Okawaru
 16548 | Lair:5   | Identified the +0 plate armour of Hedonism {Drain rPois
                  | rCorr Dex+6} (Okawaru gifted it to you on level 5 of the
                  | Lair of Beasts)
 16548 | Lair:5   | Received a gift from Okawaru
 16687 | Lair:5   | Got the Cyclopedia of Phantasmal Energy
 16817 | Lair:5   | Gained mutation: Your large and strong wings let you fly.
                  | [Gargoyle growth]
 16817 | Lair:5   | Reached XP level 14. HP: 45/94 MP: 17/17
 17061 | Lair:5   | Reached skill level 15 in Maces & Flails
 17206 | Lair:5   | Found a staircase to the Slime Pits.
 17207 | Lair:5   | Found a viscous altar of Jiyva.
 17490 | Lair:5   | Noticed Snorg
 17505 | Lair:5   | Killed Snorg
 17843 | Lair:5   | Noticed Kirke
 17862 | Lair:5   | Killed Kirke
 18590 | D:10     | Entered Level 10 of the Dungeon
 18931 | D:10     | Noticed Psyche
 18938 | D:10     | Killed Psyche
 19016 | D:10     | Received a gift from Okawaru
 19588 | D:11     | Found a staircase to the Orcish Mines.
 20667 | D:13     | Found Ceostich's Weapon Shoppe.
 21066 | D:13     | Found a runed translucent gate.
 21066 | D:13     | Found a runed translucent gate.
 21069 | D:13     | Noticed an azure jelly
 21072 | D:13     | Noticed an acid blob
 21073 | D:13     | Noticed an acid blob
 21074 | D:13     | Found a runed translucent gate.
 21078 | D:13     | Noticed an acid blob
 21079 | D:13     | Noticed an acid blob
 21080 | D:13     | Noticed an acid blob
 21085 | D:13     | Noticed an acid blob
 21087 | D:13     | Reached skill level 16 in Maces & Flails
 21125 | D:13     | Noticed Papox's ghost (journeyman DsEE)
 21200 | D:13     | Noticed Erolcha
 21210 | D:13     | Killed Erolcha
 21299 | D:13     | Noticed Frances
 21324 | D:13     | Killed Frances
 21324 | D:13     | Identified the +6 chain mail of Life {rN+ Str+2} (Okawaru
                  | gifted it to you on level 13 of the Dungeon)
 21324 | D:13     | Received a gift from Okawaru
 21325 | D:13     | Reached XP level 15. HP: 11/100 MP: 15/18
 21340 | D:13     | Identified the +3 quarterstaff of Conformity {pain, rC++
                  | rCorr Str-4}
 21954 | D:13     | Noticed Jorgrun
 21970 | D:13     | Killed Jorgrun
 22787 | D:13     | Found a gate to the Vaults.
 22990 | D:13     | Found a viscous altar of Jiyva.
 22990 | D:13     | Found the +8 Wrath of Trog {antimagic, *Rage Rampage}
 23074 | Orc:1    | Entered Level 1 of the Orcish Mines
 23892 | Orc:2    | Entered Level 2 of the Orcish Mines
 24042 | Orc:2    | Found a staircase to the Elven Halls.
 24713 | Orc:2    | Noticed Sonja
 24722 | Orc:2    | Killed Sonja
 25035 | Orc:2    | Found Xotem's Antique Weapon Shop.
 25161 | Orc:2    | Received a gift from Okawaru
 25355 | Orc:2    | Noticed an orc warlord
 25383 | Orc:2    | Killed an orc warlord
 25409 | Orc:2    | Found Qetobrakk's Antique Weapon Shop.
 25412 | Orc:2    | Found Jugruupt's Antique Armour Boutique.
 25478 | Orc:2    | Found Urem's Book Shoppe.
 25858 | D:12     | Reached skill level 17 in Maces & Flails
 25953 | D:12     | Found a blossoming altar of Fedhas.
 26415 | D:12     | Found Raklome's Antique Armour Boutique.
 26420 | D:12     | Bought a pair of heavily runed gloves for 256 gold pieces
 26420 | D:12     | Identified the +1 pair of gloves of the Playwright {Str+3
                  | Stlth+} (You bought it in a shop on level 12 of the
                  | Dungeon)
 27294 | D:14     | Identified the +1 plate armour of Midnight {rC- rN+ Int+6
                  | Dex+2} (Okawaru gifted it to you on level 14 of the
                  | Dungeon)
 27294 | D:14     | Received a gift from Okawaru
 27600 | D:14     | Reached XP level 16. HP: 95/107 MP: 19/19
 27683 | D:14     | Found a runed translucent gate.
 27684 | D:14     | Found a runed translucent gate.
 27685 | D:14     | Found a runed translucent gate.
 27685 | D:14     | Noticed NigelTetley's ghost (journeyman FoFi)
 27701 | D:14     | Found Ommeroe's Jewellery Shoppe.
 27708 | D:14     | Reached skill level 15 in Fighting
 28516 | D:14     | Killed NigelTetley's ghost
 28537 | D:14     | Identified the amulet "Tumuydd" {Spirit Drain Int+3}
 28568 | D:15     | Entered Level 15 of the Dungeon
 29235 | D:15     | Reached skill level 18 in Maces & Flails
 29312 | D:15     | Paralysed by an orc sorcerer for 3 turns
 29575 | D:15     | Found a staircase to the Depths.
 29678 | D:15     | Found a portal to a secret trove of treasure.
 29887 | D:15     | Found a sparkling altar of Nemelex Xobeh.
 30125 | Shoals:1 | Entered Level 1 of the Shoals
 30259 | Shoals:1 | Noticed Aizul
 30286 | Shoals:1 | Killed Aizul
 30286 | Shoals:1 | Identified the +8 eveningstar of Dismay {venom, rElec rPois
                  | Stlth+} (Okawaru gifted it to you on level 1 of the Shoals)
 30286 | Shoals:1 | Received a gift from Okawaru
 30546 | Shoals:1 | Noticed a kraken
 30581 | Shoals:1 | Killed a kraken
 31222 | Shoals:1 | Slain by a merfolk

Illustrated notes

Levels and vault maps discovered:
D:1:      eino_arrival_tree_alley, layout_loops_ring,
          hellmonk_ecumenical_altar_prayer_group
D:2:      layout_basic, serial_shops, shop, minmay_tromino_v4_b
D:3:      layout_basic, lemuel_zombie_altar_yredelemnul, lemuel_round_altar,
          ebering_ghost_inner_flame
D:4:      layout_basic, beargit_hepliaklqana_dungeon_heroes, chei_slow_surprise,
          grunt_tough_drop, uniq_ijyb
D:5:      lemuel_ratsnest, layout_rooms, minmay_temple_entry_glass,
          serial_corexii_hall, corexii_hall_statues_i, chequers_hall_statues_y,
          corexii_hall_statues_i
D:6:      layout_loops_ring, mainiacjoe_overflow_cross_hatched,
          uniq_crazy_yiuf_cottage
D:7:      layout_loops_cross, kennysheep_generic_room_11, uniq_pikel,
          uniq_duvessa
D:8:      layout_basic, grunt_lair_entry_orc_guard_hut, uniq_maggie
D:9:      layout_basic, minmay_misc_feat_hallway, minmay_misc_feat_four_crosses
D:10:     cheibrodos_steamvent, layout_irregular_city, uniq_psyche
D:11:     layout_long_grid, erik_orc_4
D:12:     kennysheep_funnel, layout_loops_cross, serial_shops,
          kennysheep_little_box, fedhas_altar_1
D:13:     layout_basic, david_vaults_4, serial_shops, nicolae_shop_mannequins,
          gammafunk_ghost_ooze, uniq_erolcha, uniq_frances, uniq_jorgrun
D:14:     layout_irregular_city, serial_shops, shop, gammafunk_ghost_spectres
D:15:     hangedman_depths_entry_civil_slaughter, layout_irregular_city,
          nicolae_trove_entry_free_sample, nemelex_lonely_heart_becter
Temple:   bh_familiar_temple
Lair:1:   layout_misc_corridors, serial_rivers, chequers_serial_rivers_small_3,
          chequers_serial_rivers_room_b, chequers_serial_rivers_room_a,
          chequers_serial_rivers_micro_b, chequers_serial_rivers_room_b,
          infiniplex_staircase_pool
Lair:2:   gammafunk_lair_enchanted_lake, layout_regular_city,
          serial_bayou_shore_a
Lair:3:   nzn_winding_woodlands_three_and_one
          [nzn_winding_woodlands_5x15_split_checker,
          nzn_winding_woodlands_5x15_cabin, nzn_winding_woodlands_5x15_parted,
          nzn_winding_woodlands_center_garden], layout_gridlike,
          shoals_dummy_entry, guppyfry_snake_entry_island
Lair:4:   layout_small_grid, wad_woods_river_03
Lair:5:   evilmike_catoblepas_cave, layout_cave_pods, slime_entry_1,
          dreamdust_gnoll_shepherd, lemuel_fruit_fields, uniq_kirke, uniq_snorg
Shoals:1: layout_shoals, nicolae_shoals_stone_sculpture_thing,
          nicolae_shoals_kraken_intersection, uniq_aizul
Orc:1:    layout_caves
Orc:2:    grunt_orc_community_town_hall, layout_diamond_mine,
          grunt_orc_community_big_house_2, grunt_orc_community_big_house_1,
          grunt_orc_community_house_3, grunt_orc_community_house_1,
          grunt_orc_community_house_1, grunt_orc_community_house_1,
          grunt_orc_community_house_1, uniq_sonja

Skill      XL: |  1  2  3  4  5  6  7  8  9 10 11 12 13 14 15 16 |
---------------+-------------------------------------------------+-----
Fighting       | 4 5 6 7 8 9 10 11 13 14 15 | 15.8
Maces & Flails | 3 4 6 8 9 11 13 14 16 17 18 | 18.6
Armour         | 4 5 7 8 9 10 11 12 14 | 14.9
Shields        | 4 5 6 8 9 10 11 12 13 14 | 14.9
Invocations    | 4 |  4.1

Action                     |  1- 3 |  4- 6 |  7- 9 | 10-12 | 13-15 | 16-18 || total
---------------------------+-------+-------+-------+-------+-------+-------++-------
  Melee: Flail             |   103 |   160 |   342 |   610 |  1786 |   433 ||  3434
         Eveningstar       |       |       |       |       |       |    96 ||    96
 Invoke: Heroism           |       |       |     3 |    10 |    13 |     6 ||    32
    Use: Scroll            |       |     7 |     6 |     5 |     2 |     4 ||    24
         Potion            |       |     1 |     1 |       |       |     1 ||     3
   Stab: Petrified         |       |       |       |     5 |     2 |       ||     7
 Armour: Scale mail        |    55 |    97 |       |       |       |       ||   152
         Chain mail        |       |       |   190 |   284 |   305 |   287 ||  1066
         Plate armour      |       |       |       |       |   434 |       ||   434
  Dodge: Dodged            |    35 |    79 |    66 |   184 |   664 |   296 ||  1324
  Block: Buckler           |    19 |    43 |       |       |       |       ||    62
         Kite shield       |       |       |   175 |   333 |  1213 |   568 ||  2289
         Reflection        |       |       |       |       |    26 |    21 ||    47

Table legend: (Time is in decaauts)
 A = Elapsed time spent in this place.
 B = Non-inter-level travel time spent in this place.
 C = Inter-level travel time spent in this place.
 D = Time resting spent in this place.
 E = Time spent auto-exploring this place.
 F = Levels seen in this place.
 G = Mean time per level.
                   A        B        C        D        E       F      G
               +--------+--------+--------+--------+--------+-----+--------+
         Total |  30905 |  29184 |   1721 |   6308 |  17512 |  24 | 1287.7 |
       Dungeon |  18081 |  17155 |    926 |   2926 |  11203 |  15 | 1205.4 |
        Temple |    191 |    162 |     29 |      0 |    155 |   1 |  191.0 |
          Lair |   9030 |   8365 |    665 |   2213 |   4715 |   5 | 1806.0 |
        Shoals |   1051 |   1051 |      0 |    486 |    312 |   1 | 1051.0 |
  Orcish Mines |   2550 |   2451 |     99 |    683 |   1127 |   2 | 1275.0 |
               +--------+--------+--------+--------+--------+-----+--------+

Top non-repeatable levels by time:
  Lair:5: 2820 daAuts
    D:13: 2065 daAuts
  Lair:1: 2010 daAuts
    D:14: 1900 daAuts
  Lair:2: 1770 daAuts
   Orc:2: 1763 daAuts
    D:12: 1568 daAuts
     D:6: 1373 daAuts
  Lair:3: 1325 daAuts
     D:7: 1298 daAuts
     D:4: 1266 daAuts
     D:5: 1193 daAuts
     D:9: 1141 daAuts
  Lair:4: 1104 daAuts
    D:11: 1093 daAuts
